 Dungeon Crawl Stone Soup version 0.32-a0-42-ga30500b4d3 (webtiles) character file.

Game seed: 1948281862602943281

3223 jlumianski the Grappler (level 9, 0/69 HPs)
             Began as a Gnoll Shapeshifter on Feb 2, 2024.
             Slain by a komodo dragon (24 damage)
             ... on level 10 of the Dungeon.
             The game lasted 00:33:27 (6744 turns).

jlumianski the Grappler (Gnoll Shapeshifter)        Turns: 6744, Time: 00:33:30

Health: 0/69       AC: 13    Str: 17    XL:     9   Next: 98%
Magic:  0/16       EV:  7    Int:  9    God:
Gold:   1159       SH:  0    Dex: 13    Spells: 17/17 levels left

rFire   . . .        v - +2 war axe (vamp)
rCold   . . .        (no shield)
rNeg    . . .        f - +1 plate armour
rPois   .            (helmet currently unavailable)
rElec   .            (cloak currently unavailable)
rCorr   +            (gloves currently unavailable)
SInv    +            (boots currently unavailable)
Will    .....        r - amulet of guardian spirit Stlth
                     B - ring of see invisible
HPRegen 0.31/turn    w - ring of resist corrosion
MPRegen 0.15/turn

%: guardian spirit
@: beast-form
A: beast (slay +4), fangs 1, strong nose, distributed training
a: Begin Untransformation


You were on level 10 of the Dungeon.
You were a hulking beast.
You visited 2 branches of the dungeon, and saw 12 of its levels.

You collected 1489 gold pieces.
You spent 330 gold pieces at shops.

Inventory:

Hand Weapons
 v - a +2 vampiric war axe (weapon)
 y - a -1 eveningstar
 z - a -2 triple crossbow
Missiles
 o - 7 boomerangs (quivered)
 p - 8 poisoned darts
 x - 11 javelins
Armour
 a - a +0 animal skin
 f - a +1 plate armour (worn)
 k - a +2 helmet
Magical Staves
 m - a staff of air
Jewellery
 q - a ring of magical power
 r - an amulet of guardian spirit (around neck)
 w - a ring of resist corrosion (right hand)
 B - a ring of see invisible (left hand)
 G - a ring of magical power
Talismans
 c - a beast talisman
 d - a flux talisman
 s - a storm talisman
 A - a granite talisman
Wands
 i - a wand of acid (10)
 l - a wand of flame (10)
 E - a wand of iceblast (11)
Scrolls
 g - 3 scrolls of vulnerability
 j - a scroll of immolation
 n - a scroll of enchant armour
 C - a scroll of enchant weapon
 D - 3 scrolls of teleportation {unknown}
Potions
 b - 2 potions of lignification
 e - 3 potions of curing
 h - 2 potions of haste {unknown}
 t - a potion of mutation
 u - 2 potions of heal wounds
 F - a potion of magic {unknown}


   Skills:
 + Level 5.6 Fighting
 + Level 4.9 Short Blades
 + Level 4.9 Long Blades
 + Level 4.9 Axes
 + Level 4.9 Maces & Flails
 + Level 4.9 Polearms
 + Level 4.9 Staves
 + Level 4.9 Ranged Weapons
 + Level 4.9 Throwing
 + Level 4.9 Armour
 + Level 6.8 Dodging
 + Level 4.9 Stealth
 + Level 4.9 Shields
 + Level 8.3 Unarmed Combat
 + Level 4.9 Spellcasting
 + Level 4.1 Conjurations
 + Level 4.1 Hexes
 + Level 4.1 Summonings
 + Level 4.1 Necromancy
 + Level 4.1 Translocations
 + Level 4.1 Fire Magic
 + Level 4.1 Ice Magic
 + Level 4.1 Air Magic
 + Level 4.1 Earth Magic
 + Level 4.1 Alchemy
 + Level 5.4 Invocations
 + Level 4.9 Evocations
 + Level 8.0 Shapeshifting


You had 17 spell levels left.
You didn't know any spells.
Your spell library contained the following spells:

 Spells                   Type           Power      Damage    Failure   Level
 Foxfire                  Conj/Fire      36%        2x1d5     88%         1
 Call Imp                 Summ           18%        N/A       96%         2
 Sublimation of Blood     Necr           9%         N/A       96%         2
 Gell's Gravitas          Tloc           9%         N/A       99%         3
 Summon Ice Beast         Ice/Summ       9%         N/A       99%         3
 Teleport Other           Tloc           9%         N/A       99%         3
 Summon Mana Viper        Hex/Summ       9%         N/A       100%        5
 Dispersal                Tloc           4%         N/A       100%        6
 Plasma Beam              Fire/Air       4%         2x1d14    100%        6
 Starburst                Conj/Fire      4%         6d4       100%        6
 Monstrous Menagerie      Summ           4%         N/A       100%        7
 Summon Hydra             Summ           4%         N/A       100%        7


Dungeon Overview and Level Annotations

Branches:
Dungeon (11/15)            Temple (1/1) D:4
   Lair: D:8-11         Orc: D:9-12

Altars:
Ashenzari
Cheibriados
Dithmenos
Elyvilon
Fedhas
Gozag
Hepliaklqana
Kikubaaqudgha
Nemelex Xobeh
Okawaru
Qazlal
Ru
Sif Muna
Uskayaw
Vehumet
Wu Jian
Xom
Yredelemnul

Shops:
D:6 !   D:7 *


Innate Abilities, Weirdness & Mutations

You are a hulking beast.
Your limbs bulge with bestial killing power. (Slay +4)
You have very sharp teeth.
Your uncanny sense of smell can sniff out nearby items.
Your experience applies equally to all skills.


Message History

Found a stone staircase leading up.
Found a potion of lignification and a scroll of identify.
Found an escape hatch in the floor.
A komodo dragon comes into view.
The komodo dragon hisses angrily.
Aiming: Corrosive Bolt
Press: ? - help, Shift-Dir - straight line, f - komodo dragon
Aim: a komodo dragon (81% to hit)
The bolt of acid hits the komodo dragon.
The komodo dragon is lightly wounded.
You hit the komodo dragon. You punch the komodo dragon.
The komodo dragon is moderately wounded.
The komodo dragon bites you!! x2
You hit the komodo dragon.
The komodo dragon is moderately wounded.
The komodo dragon barely misses you.
You closely miss the komodo dragon.
You bite the komodo dragon, but do no damage.
The komodo dragon is moderately wounded.
The komodo dragon bites you!
You hit the komodo dragon.
You feel better.
Your bite misses the komodo dragon.
The komodo dragon is heavily wounded.
The komodo dragon bites you!!
* * * LOW HITPOINT WARNING * * *
You barely miss the komodo dragon.
You bite the komodo dragon, but do no damage.
The komodo dragon is heavily wounded.
The komodo dragon barely misses you. x2
You hit the komodo dragon.
You feel better.
The komodo dragon is heavily wounded.
The komodo dragon bites you.
* * * LOW HITPOINT WARNING * * *
You feel much better. The komodo dragon bites you!
Aiming: Corrosive Bolt
Press: ? - help, Shift-Dir - straight line, f/p - komodo dragon
Aim: a komodo dragon (heavily wounded, 81% to hit)
The bolt of acid hits the komodo dragon!
The komodo dragon is almost dead.
The komodo dragon bites you!!
You die...

#.# ##. #?#...
######## #!#..# #
#......# #.#..# .#
#......######.#..#<.#
#.......... .........
##).....# ##.......#
#..)....#####.........
#>........hl..........
##......#####.........
#......# ####......
#......# ......
#......# ......
#......# .....
#......# ...>.
######## ....


You could see a komodo dragon.

Vanquished Creatures
  A shadow (D:9)
  A wyvern (D:7)
  A yak (D:8)
  3 water moccasins
  A black bear (D:6)
  4 sky beasts
  An ice beast (D:6)
  An ogre (D:5)
  A centaur (D:7)
  A phantom (D:4)
  2 bullfrogs (D:7)
  4 scorpions
  4 wights (D:5)
  6 killer bees (D:6)
  2 howler monkeys
  3 orc priests
  3 bombardier beetles
  A jelly (D:6)
  2 hounds
  4 iguanas
  5 orc wizards
  Robin (D:1)
  4 gnolls
  8 adders
  2 shadow imps
  A white imp (D:4)
  2 ufetubi (D:6)
  A dart slug (D:1)
  3 ribbon worms
  15 orcs
  4 endoplasms
  5 giant cockroaches
  19 goblins
  7 hobgoblins
  2 jackals (D:1)
  A quokka (D:4)
  7 ball pythons
  6 bats
  3 frilled lizards
  7 kobolds
  12 rats
161 creatures vanquished.

Notes
Turn   | Place    | Note
-------+----------+-------------------------------------------
     0 | D:1      | jlumianski the Gnoll Shapeshifter began the quest for the
                  | Orb.
     0 | D:1      | Reached XP level 1. HP: 17/17 MP: 1/1
   197 | D:2      | Noticed Robin
   234 | D:1      | Reached XP level 2. HP: 19/23 MP: 2/2
   375 | D:2      | Reached XP level 3. HP: 26/28 MP: 3/3
   516 | D:1      | Reached skill level 1 in Invocations
  1025 | D:1      | Reached skill level 1 in Short Blades
  1025 | D:1      | Reached skill level 1 in Long Blades
  1025 | D:1      | Reached skill level 1 in Axes
  1025 | D:1      | Reached skill level 1 in Maces & Flails
  1025 | D:1      | Reached skill level 1 in Polearms
  1025 | D:1      | Reached skill level 1 in Staves
  1025 | D:1      | Reached skill level 1 in Ranged Weapons
  1025 | D:1      | Reached skill level 1 in Throwing
  1025 | D:1      | Reached skill level 1 in Armour
  1025 | D:1      | Reached skill level 1 in Stealth
  1025 | D:1      | Reached skill level 1 in Shields
  1025 | D:1      | Reached skill level 1 in Spellcasting
  1025 | D:1      | Reached skill level 1 in Evocations
  1033 | D:1      | Killed Robin
  1038 | D:1      | Reached XP level 4. HP: 33/34 MP: 5/5
  1140 | D:2      | Reached skill level 1 in Conjurations
  1140 | D:2      | Reached skill level 1 in Hexes
  1140 | D:2      | Reached skill level 1 in Summonings
  1140 | D:2      | Reached skill level 1 in Necromancy
  1140 | D:2      | Reached skill level 1 in Translocations
  1140 | D:2      | Reached skill level 1 in Fire Magic
  1140 | D:2      | Reached skill level 1 in Ice Magic
  1140 | D:2      | Reached skill level 1 in Air Magic
  1140 | D:2      | Reached skill level 1 in Earth Magic
  1140 | D:2      | Reached skill level 1 in Alchemy
  1201 | D:3      | Reached XP level 5. HP: 36/40 MP: 5/7
  2294 | D:4      | Reached XP level 6. HP: 34/47 MP: 8/8
  2394 | D:4      | Reached skill level 5 in Dodging
  2434 | D:4      | Found a staircase to the Ecumenical Temple.
  2447 | Temple   | Entered the Ecumenical Temple
  2561 | D:4      | Found a shimmering altar of Xom.
  2685 | D:4      | Identified a scroll of acquirement
  2687 | D:4      | Acquired 880 gold pieces
  2739 | D:5      | Entered Level 5 of the Dungeon
  2926 | D:5      | Reached XP level 7. HP: 11/52 MP: 3/10
  3086 | D:5      | Found an opulent altar of Gozag.
  3248 | D:6      | Found a blossoming altar of Fedhas.
  3331 | D:6      | Reached XP level 8. HP: 50/60 MP: 12/12
  3659 | D:7      | Found Xex Utweu's Lightly-Used Armoury.
  3697 | D:7      | Bought a -1 eveningstar for 160 gold pieces
  3697 | D:7      | Bought a -2 triple crossbow for 1 gold piece
  4041 | D:7      | Reached XP level 9. HP: 66/66 MP: 14/14
  4408 | D:6      | Reached skill level 5 in Fighting
  5739 | D:6      | Reached skill level 5 in Invocations
  5788 | D:6      | Found Opluoruk's Distillery.
  5791 | D:6      | Bought a potion of heal wounds for 65 gold pieces
  5791 | D:6      | Bought a potion of heal wounds for 65 gold pieces
  5861 | D:6      | Bought a potion of curing for 39 gold pieces
  6509 | D:9      | Found a sparkling altar of Nemelex Xobeh.
  6605 | D:8      | Found an ornate altar of the Wu Jian Council.
  6687 | D:8      | You fall into a shaft and drop 3 floors!
  6706 | D:10     | Entered Level 10 of the Dungeon
  6727 | D:10     | Noticed a komodo dragon
  6744 | D:10     | Slain by a komodo dragon

Illustrated notes

Levels and vault maps discovered:
D:1:      amcnicky_arrival_abandoned_market, layout_basic
D:2:      minmay_diamond_boxcup, layout_loops_cross, uniq_robin
D:3:      layout_basic, minmay_pentangle
D:4:      layout_basic, mainiacjoe_overflow_small_starburst,
          minmay_temple_entry_hall
D:5:      layout_rooms, lemuel_tele_altar
D:6:      layout_gridville, fedhas_altar_2, serial_shops, shop
D:7:      layout_loops_ring, minmay_shop_damaged
D:8:      layout_basic, mainiacjoe_overflow_catwalk, trog_butcher_becter,
          dpeg_lair_monsters, kennysheep_windowed_goal
D:9:      layout_cave_pools, makhleb_altar_promises_db,
          mainiacjoe_overflow_alcove_4, david_orc_2
D:10:     layout_basic, kennysheep_mini, overflow_temple_1_default,
          chequers_serial_rivers_marsh
D:11:     layout_layer_cave, uniq_nergalle, uniq_grum
Temple:   oiseaux_autumnal_temple

Skill      XL: |  1  2  3  4  5  6  7  8  9 |
---------------+----------------------------+-----
Invocations    | 1 2 3 4 5 |  5.4
Short Blades   | 1 2 3 4 |  4.9
Long Blades    | 1 2 3 4 |  4.9
Axes           | 1 2 3 4 |  4.9
Maces & Flails | 1 2 3 4 |  4.9
Polearms       | 1 2 3 4 |  4.9
Staves         | 1 2 3 4 |  4.9
Ranged Weapons | 1 2 3 4 |  4.9
Throwing       | 1 2 3 4 |  4.9
Armour         | 1 2 3 4 |  4.9
Stealth        | 1 2 3 4 |  4.9
Shields        | 1 2 3 4 |  4.9
Spellcasting   | 1 2 3 4 |  4.9
Evocations     | 1 2 3 4 |  4.9
Conjurations   | 1 2 3 4 |  4.1
Hexes          | 1 2 3 4 |  4.1
Summonings     | 1 2 3 4 |  4.1
Necromancy     | 1 2 3 4 |  4.1
Translocations | 1 2 3 4 |  4.1
Fire Magic     | 1 2 3 4 |  4.1
Ice Magic      | 1 2 3 4 |  4.1
Air Magic      | 1 2 3 4 |  4.1
Earth Magic    | 1 2 3 4 |  4.1
Alchemy        | 1 2 3 4 |  4.1
Fighting       | 3 4 5 |  5.6
Dodging        | 5 6 |  6.8
Unarmed Combat | 7 8 |  8.3
Shapeshifting  | 7 8 |  8.0

Action                     |  1- 3 |  4- 6 |  7- 9 || total
---------------------------+-------+-------+-------++-------
  Melee: Unarmed           |    76 |    79 |       ||   155
         Bite              |     5 |    17 |    17 ||    39
         Punch             |     3 |     4 |    12 ||    19
         War axe           |       |    52 |   235 ||   287
         Eveningstar       |       |       |    29 ||    29
   Fire: Triple crossbow   |       |       |     5 ||     5
  Throw: Boomerang         |       |     1 |    13 ||    14
  Evoke: Wand              |       |       |     2 ||     2
    Use: Potion            |     1 |       |     6 ||     7
         Scroll            |       |     4 |     8 ||    12
 Armour: Plate armour      |    77 |   120 |   415 ||   612
         Animal skin       |     1 |       |       ||     1
  Dodge: Dodged            |    25 |    22 |   115 ||   162

Table legend: (Time is in decaauts)
 A = Elapsed time spent in this place.
 B = Non-inter-level travel time spent in this place.
 C = Inter-level travel time spent in this place.
 D = Time resting spent in this place.
 E = Time spent auto-exploring this place.
 F = Levels seen in this place.
 G = Mean time per level.
                   A        B        C        D        E       F      G
               +--------+--------+--------+--------+--------+-----+--------+
         Total |   6859 |   6721 |    138 |    863 |   3077 |  12 |  571.6 |
       Dungeon |   6763 |   6625 |    138 |    863 |   3063 |  11 |  614.8 |
        Temple |     96 |     96 |      0 |      0 |     14 |   1 |   96.0 |
               +--------+--------+--------+--------+--------+-----+--------+

Top non-repeatable levels by time:
     D:6: 1261 daAuts
     D:5: 1156 daAuts
     D:7: 1031 daAuts
     D:2: 887 daAuts
     D:1: 835 daAuts
     D:4: 751 daAuts
     D:3: 505 daAuts
     D:9: 141 daAuts
     D:8: 133 daAuts
  Temple: 96 daAuts
    D:10: 40 daAuts
    D:11: 18 daAuts
